 Dungeon Crawl Stone Soup version 0.18.1-48-g4cf74bf (webtiles) character file.

23541 sarahorange the Blocker (level 12, -1/106 HPs)
             Began as a Minotaur Fighter on Aug 9, 2016.
             Was the Champion of Okawaru.
             Slain by Snorg (14 damage)
             ... on level 3 of the Lair of Beasts on Aug 10, 2016.
             The game lasted 01:55:51 (18404 turns).

sarahorange the Blocker (Minotaur Fighter)         Turns: 18404, Time: 01:55:51

Health: -1/106     AC: 18    Str: 31    XL:     12   Next: 72%
Magic:  11/11      EV: 13    Int: 10    God:    Okawaru [******]
Gold:   810        SH: 21    Dex: 12    Spells: 0 memorised, 11 levels left

rFire  . . .     SeeInvis +     x - +3 broad axe of Dissent {venom, +Blink rPois Str+4 Int+4}
rCold  + . .     Gourm    +     b - +1 scale mail
rNeg   . . .     Faith    .     Z - +0 large shield {reflect}
rPois  +         Spirit   .     j - +2 hat {SInv}
rElec  .         Dismiss  .     q - +0 cloak
rCorr  .         Reflect  +     r - +2 pair of gloves
SustAt .         Harm     .     W - +0 pair of boots
MR     .....                    V - amulet of the gourmand
Stlth  ..........               T - ring of protection from cold
                                n - +4 ring of strength

@: about to teleport, not resistant to hostile enchantments, extremely
unstealthy
A: retaliatory headbutt, horns 2
a: Heroism, Finesse, Renounce Religion, Evoke Blink


You were on level 3 of the Lair of Beasts.
You worshipped Okawaru.
Okawaru was exalted by your worship.
You were completely stuffed.

You visited 2 branches of the dungeon, and saw 16 of its levels.
You also visited: Ossuary.

You collected 810 gold pieces.

Inventory:

Hand Weapons
 a - a +1 long sword
 s - a +0 hunting sling
 x - the +3 broad axe of Dissent (weapon) {venom, +Blink rPois Str+4 Int+4}
   (Okawaru gifted it to you on level 12 of the Dungeon)

   It poisons the flesh of those it strikes.
   It affects your strength (+4).
   It affects your intelligence (+4).
   It protects you from poison.
   It lets you blink.
Missiles
 h - 465 stones
 l - 14 javelins of returning (quivered)
 u - 13 tomahawks of returning
Armour
 b - a +1 scale mail (worn)
 j - a +2 hat of see invisible (worn)
 q - a +0 cloak (worn)
 r - a +2 pair of gloves (worn)
 W - a +0 pair of boots (worn)
 X - a troll hide
 Z - a +0 large shield of reflection (worn)
Jewellery
 n - a +4 ring of strength (left hand)
 y - an uncursed amulet of guardian spirit
 D - an uncursed ring of wizardry
 G - an uncursed ring of stealth
 I - a +3 amulet of reflection
 T - a ring of protection from cold (right hand)
 V - an amulet of the gourmand (around neck)
Wands
 O - a wand of lightning (9/15)
 P - a wand of teleportation (1/9)
 Q - a wand of iceblast (9/15)
Scrolls
 o - 10 scrolls of identify
 p - 2 scrolls of remove curse
 w - 2 scrolls of recharging
 A - 2 scrolls of fog
 B - 5 scrolls of immolation
 E - 2 scrolls of amnesia
 J - a scroll of teleportation
 L - a scroll of vulnerability {unknown}
Potions
 d - 2 potions of might
 e - 3 potions of flight
 g - 4 potions of curing
 i - 3 potions of cancellation
 k - a potion of mutation {unknown}
 m - 6 potions of lignification
 t - a potion of haste
 v - a potion of resistance {unknown}
 C - 3 potions of heal wounds
 F - a potion of invisibility {unknown}
 N - a potion of berserk rage {unknown}
 S - 2 potions of ambrosia
 U - a potion of beneficial mutation {unknown}
Miscellaneous
 K - an ornate deck of wonders
Comestibles
 c - 10 chunks of flesh
 f - 9 bread rations
 H - 8 fruits
 M - 6 meat rations
 R - 10 royal jellies
 Y - a beef jerky


   Skills:
 + Level 9.6 Fighting
 + Level 9.2 Long Blades
 + Level 9.9 Axes
 + Level 0.9(4.1) Slings
 + Level 6.0 Throwing
 + Level 10.1 Armour
 + Level 9.5 Dodging
 + Level 1.5 Stealth
 + Level 12.8 Shields
 + Level 0.6 Invocations


You had 11 spell levels left.
You didn't know any spells.

Dungeon Overview and Level Annotations

Branches:
Dungeon (12/15)            Temple (0/1) D:5            Lair (4/8) D:11
 Spider (0/4) Lair:3
  Swamp: Lair:3-6    Shoals: Lair:3-6       Orc: D:9-12

Altars:
Ashenzari
Dithmenos
Elyvilon
Kikubaaqudgha
Makhleb
Okawaru
Pakellas
Ru
The Shining One

Shops:
D:8 }   D:11 %

Annotations:
D:4 Joat's ghost, amateur OpMo
D:11 Ferkelamun's ghost, journeyman FoFi
D:12 Rupert
Lair:3 Snorg


Innate Abilities, Weirdness & Mutations

You reflexively headbutt those who attack you in melee.
You have a pair of horns on your head.


Message History

You block Snorg's attack. Snorg claws you but does no damage.
You block Snorg's attack. You block the blink frog's attack. Snorg bites you!
Snorg claws you but does no damage. Snorg barely misses you.
You climb upwards.
There is a stone staircase leading down here.
You block the blink frog's attack. The blink frog hits you.
You block Snorg's attack. x2
Snorg claws you but does no damage. Snorg bites you!! Snorg barely misses you.
Snorg claws you!
* * * LOW HITPOINT WARNING * * *
The blink frog blinks!
You block Snorg's attack. Snorg claws you but does no damage.
Snorg barely misses you.
The blink frog blinks!
Zapping:
P - a wand of teleportation (2/9)
Press: ? - help, Shift-Dir - straight line, f - you You feel strangely unstable.
This wand has 1 charge left.
Snorg bites you!!
* * * LOW HITPOINT WARNING * * *
You block Snorg's attack. x2; Snorg bites you!
You die...

##...[......#### ###
###..............# ##.#
#P...............## ###..#
#.[......§......<.# #...##
##..÷............## ##.##
#...>.........P.## ##..#
###........##P### #..##
#....#...#### ##.##
#####(#T@.#### ##P.# #.##..#..##
#...# ######.......###P.## ###
#.#...........##...# ..###
###............#....#####
#...#####.......................#
##.....###................#.....#
.###......#..............#.###P..
..#.#.#...................## ####


You could see Snorg (berserk).

Vanquished Creatures
  Gastronok (Lair:2)
  Maud (D:11)
  A death yak (Lair:3)
  2 hill giants (D:12)
  2 unseen horrors (D:11)
  2 cyclopes (D:11)
  4 elephants (Lair:3)
  A torpor snail (Lair:3)
  2 spiny frogs (Lair:1)
  2 komodo dragons
  4 trolls
  7 blink frogs
  A wyvern (D:11)
  14 yaks
  A wraith (D:10)
  2 hippogriffs
  2 hungry ghosts
  Menkaure (D:5)
  5 water moccasins
  3 porcupines
  4 orc warriors
  3 sky beasts
  4 ice beasts
  A necrophage (D:10)
  A phantom (D:8)
  2 black bears
  9 wolves
  3 ogres
  4 centaurs
  A big kobold (D:8)
  7 crocodiles
  Blork the orc (D:6)
  16 giant frogs
  6 scorpions
  8 wights (D:11)
  22 killer bees
  3 howler monkeys (D:9)
  6 crimson imps
  2 giant frog zombies (D:10)
  4 jellies
  11 orc wizards
  8 hounds
  2 giant frog skeletons
  13 orc priests
  Ijyb (D:2)
  7 iguanas
  8 worker ants
  A killer bee zombie (D:9)
  A hound zombie (D:9)
  3 mummies (Ossuary)
  A worker ant zombie (D:5)
  A howler monkey zombie (D:5)
  13 gnolls
  51 river rats
  16 adders
  2 shadow imps
  3 oozes
  An adder zombie (D:5)
  3 adder skeletons
  5 worms
  3 dart slugs (D:1)
  9 giant geckos
  47 orcs
  5 giant cockroaches
  3 gnoll zombies (Ossuary)
  11 goblins
  5 hobgoblins
  13 jackals
  3 quokkas
  2 ball pythons
  14 bats
  A giant gecko skeleton (D:8)
  A giant newt (D:1)
  A gnoll skeleton (Ossuary)
  4 goblin zombies (Ossuary)
  A hobgoblin skeleton (Ossuary)
  18 kobolds
  2 kobold skeletons (Ossuary)
  2 kobold zombies (Ossuary)
  An orc skeleton (Ossuary)
  3 orc zombies (Ossuary)
  A quokka skeleton (D:4)
  18 rats
  2 rat skeletons (Ossuary)
  A rat zombie (Ossuary)
  3 fungi
  A plant (Lair:3)
491 creatures vanquished.

Vanquished Creatures (others)
  A mummy (Ossuary)
  2 gnoll skeletons (Ossuary)
  2 gnoll zombies (Ossuary)
  2 goblin skeletons (Ossuary)
  2 goblin zombies (Ossuary)
  3 hobgoblin skeletons (Ossuary)
  A kobold skeleton (Ossuary)
  A kobold zombie (Ossuary)
  6 orc skeletons (Ossuary)
  4 orc zombies (Ossuary)
  4 rat skeletons (Ossuary)
  3 rat zombies (Ossuary)
  16 fungi
  5 plants
52 creatures vanquished.

Grand Total: 543 creatures vanquished

Notes
Turn   | Place    | Note
--------------------------------------------------------------
     0 | D:1      | sarahorange the Minotaur Fighter began the quest for the Orb.
     0 | D:1      | Reached XP level 1. HP: 19/19 MP: 0/0
   341 | D:1      | Reached XP level 2. HP: 23/27 MP: 1/1
   747 | D:1      | Reached skill level 4 in Shields
   747 | D:1      | Reached XP level 3. HP: 30/34 MP: 2/2
  1385 | D:2      | Reached XP level 4. HP: 36/41 MP: 3/3
  1768 | D:2      | Found a faded altar to an unknown god.
  2058 | D:2      | Reached XP level 5. HP: 42/47 MP: 4/4
  2447 | D:2      | Noticed Ijyb
  2476 | D:2      | Killed Ijyb
  2476 | D:2      | Reached skill level 1 in Dodging
  2476 | D:2      | Reached skill level 5 in Shields
  2965 | D:3      | Found a shadowy altar of Dithmenos.
  2984 | D:3      | Reached skill level 1 in Throwing
  3245 | D:3      | Reached XP level 6. HP: 43/55 MP: 5/5
  3387 | D:3      | Found a white marble altar of Elyvilon.
  3598 | D:3      | Reached skill level 5 in Fighting
  3917 | D:3      | Found an iron altar of Okawaru.
  3922 | D:3      | Became a worshipper of Warmaster Okawaru
  4042 | D:3      | Found a sacrificial altar of Ru.
  4053 | D:3      | Reached skill level 5 in Armour
  4424 | D:4      | Reached XP level 7. HP: 61/61 MP: 6/6
  4464 | D:4      | Reached skill level 6 in Shields
  4992 | D:4      | Noticed Joat's ghost (amateur OpMo)
  5344 | D:4      | Reached skill level 5 in Long Blades
  5740 | D:5      | Entered Level 5 of the Dungeon
  5788 | D:5      | Found a staircase to the Ecumenical Temple.
  5812 | D:5      | Found a sand-covered staircase.
  5817 | Ossuary  | Entered an ossuary
  6385 | D:5      | Reached * piety under Okawaru
  6385 | D:5      | Reached XP level 8. HP: 69/69 MP: 7/7
  6535 | D:5      | Noticed Menkaure
  6548 | D:5      | Killed Menkaure
  7210 | D:6      | Reached skill level 7 in Shields
  7224 | D:6      | Noticed Blork the orc
  7230 | D:6      | Killed Blork the orc
  7428 | D:6      | Reached ** piety under Okawaru
  7759 | D:6      | Reached XP level 9. HP: 75/75 MP: 8/8
  8536 | D:7      | Found a shattered altar of Ashenzari.
  8657 | D:7      | Reached skill level 8 in Shields
  8739 | D:7      | Reached skill level 5 in Dodging
  9030 | D:8      | Found a shattered altar of Ashenzari.
  9030 | D:8      | Noticed a troll
  9077 | D:8      | Found Byjeumo's Gadget Emporium.
  9506 | D:8      | Reached *** piety under Okawaru
  9732 | D:8      | Noticed a queen bee
 10126 | D:9      | Reached skill level 9 in Shields
 10556 | D:9      | Found a glowing golden altar of the Shining One.
 10562 | D:9      | Found an oddly glowing altar of Pakellas.
 10612 | D:9      | Reached XP level 10. HP: 75/84 MP: 9/9
 10624 | D:9      | Found an ancient bone altar of Kikubaaqudgha.
 11039 | D:9      | Found a burning altar of Makhleb.
 11433 | D:10     | Entered Level 10 of the Dungeon
 11466 | D:10     | Reached **** piety under Okawaru
 11546 | D:10     | Received a gift from Okawaru
 11546 | D:10     | Reached skill level 10 in Shields
 12387 | D:11     | Reached ***** piety under Okawaru
 12455 | D:11     | Noticed Ferkelamun's ghost (journeyman FoFi)
 12564 | D:10     | Received a gift from Okawaru
 12564 | D:10     | Reached skill level 5 in Throwing
 12719 | D:11     | Noticed Maud
 12722 | D:11     | Reached skill level 1 in Stealth
 12740 | D:11     | Noticed a cyclops
 13145 | D:11     | Noticed a cyclops
 13253 | D:11     | Reached skill level 11 in Shields
 13254 | D:11     | Noticed a red ugly thing
 13265 | D:12     | Noticed Rupert
 13266 | D:12     | Noticed a hill giant
 13278 | D:12     | Found an iron altar of Okawaru.
 13279 | D:12     | Noticed a gargoyle
 13296 | D:12     | HP: 4/86 [gargoyle/dire flail (13)]
 13661 | D:12     | Killed a hill giant
 13661 | D:12     | Received a gift from Okawaru
 13772 | D:12     | Noticed a hill giant
 13788 | D:12     | Killed a hill giant
 13788 | D:12     | Received a gift from Okawaru
 13788 | D:12     | Reached XP level 11. HP: 93/93 MP: 10/10
 14025 | D:12     | Received a gift from Okawaru
 14036 | D:12     | Got a fine broad axe {god gift}
 14037 | D:12     | Identified the +3 broad axe of Dissent {venom, +Blink rPois Str+4 Int+4} (Okawaru gifted it to you on level 12 of the Dungeon)
 14145 | D:12     | Noticed a deep elf mage
 14644 | D:11     | Reached skill level 1 in Axes
 14946 | D:11     | Noticed an unseen horror
 14951 | D:11     | Killed an unseen horror
 15050 | D:11     | Killed Maud
 15173 | D:11     | Noticed an unseen horror
 15199 | D:11     | Killed an unseen horror
 15280 | D:11     | Noticed a brown ugly thing
 15282 | D:11     | Noticed a green ugly thing
 15398 | D:11     | Found Ysudghyr's Food Shop.
 15469 | D:11     | Found a staircase to the Lair.
 15474 | Lair:1   | Entered Level 1 of the Lair of Beasts
 15484 | Lair:1   | Reached skill level 5 in Axes
 15875 | Lair:1   | Reached skill level 12 in Shields
 16309 | Lair:2   | Noticed Gastronok
 16326 | Lair:2   | Killed Gastronok
 16326 | Lair:2   | Reached ****** piety under Okawaru
 16326 | Lair:2   | Received a gift from Okawaru
 16326 | Lair:2   | Received a gift from Okawaru
 16326 | Lair:2   | Reached XP level 12. HP: 52/103 MP: 11/11
 16587 | Lair:2   | Received a gift from Okawaru
 16902 | Lair:2   | Noticed a six-headed hydra
 17204 | Lair:3   | Received a gift from Okawaru
 17309 | Lair:3   | Reached skill level 10 in Armour
 17392 | Lair:3   | Received a gift from Okawaru
 17511 | Lair:3   | Found a hole to the Spider Nest.
 18040 | Lair:4   | Noticed a death yak
 18056 | Lair:3   | Killed a death yak
 18334 | Lair:4   | Noticed Snorg
 18404 | Lair:3   | Slain by Snorg

Skill      XL: |  1  2  3  4  5  6  7  8  9 10 11 12 |
---------------+-------------------------------------+-----
Fighting       | 4 5 6 7 8 9 |  9.6
Armour         | 4 5 6 7 8 9 10 | 10.1
Shields        | 4 5 6 7 9 11 12 | 12.8
Long Blades    | 3 4 5 6 7 8 9 |  9.2
Dodging        | 1 2 3 4 5 7 8 9 |  9.5
Throwing       | 1 2 3 4 5 6 |  6.0
Stealth        | 1 |  1.5
Axes           | 6 9 |  9.9
Slings         | |  0.9
Invocations    | |  0.6

Action                   |  1- 3 |  4- 6 |  7- 9 | 10-12 || total
-------------------------+-------+-------+-------+-------++-------
Melee: Long sword        |    58 |   217 |   439 |   327 ||  1041
       Headbutt          |     5 |    50 |    87 |   157 ||   299
       Broad axe         |       |       |       |   366 ||   366
 Fire: Hunting sling     |       |       |     8 |       ||     8
Throw: Stone             |     2 |    53 |   165 |    60 ||   280
       Tomahawk          |       |       |       |     7 ||     7
       Javelin           |       |       |       |    22 ||    22
Invok: Heroism           |       |       |       |     1 ||     1
 Abil: Evoke Blink       |       |       |       |     1 ||     1
Evoke: Wand              |       |       |       |     3 ||     3
  Use: Scroll            |     3 |     1 |    13 |    14 ||    31
       Potion            |       |       |     3 |     2 ||     5
 Stab: Paralysed         |       |     1 |       |       ||     1
       Sleeping          |       |       |       |     1 ||     1
  Eat: Bread ration      |     1 |       |       |       ||     1
       Chunk             |       |     6 |    13 |    40 ||    59
       Fruit             |       |     1 |     3 |     2 ||     6
       Beef jerky        |       |       |     1 |     2 ||     3
       Meat ration       |       |       |     1 |       ||     1
Armor: Scale mail        |    24 |    89 |   154 |   219 ||   486
Dodge: Dodged            |    16 |    60 |   187 |   262 ||   525
Block: Shield            |    23 |   126 |   363 |   450 ||   962
       Reflection        |       |       |    17 |     1 ||    18
       Large shield      |       |       |       |   104 ||   104
